 Dungeon Crawl Stone Soup version 0.27.1-34-g3ba077fa99 (webtiles) character file.

Game seed: 18440179158304173178

84 Labrat the Magician (level 4, -1/32 HPs)
             Began as a Human Hedge Wizard on Jan 13, 2022.
             Killed from afar by Natasha (6 damage)
             ... with a magic dart
             ... on level 2 of the Dungeon.
             The game lasted 00:06:41 (2469 turns).

Labrat the Magician (Human Hedge Wizard)            Turns: 2469, Time: 00:06:41

Health: -1/32      AC:  3    Str: 10    XL:     4   Next: 74%
Magic:  1/9        EV: 12    Int: 16    God:
Gold:   60         SH:  0    Dex: 12    Spells: 1/9 levels left

rFire    . . .     SeeInvis .   a - +0 dagger
rCold    . . .     Faith    .   (no shield)
rNeg     . . .     Spirit   .   b - +0 robe
rPois    .         Reflect  .   c - +0 hat
rElec    .         Harm     .   (no cloak)
rCorr    .         Rampage  .   h - +0 pair of gloves
Will     .....                  (no boots)
Stlth    ++........             (no amulet)
HPRegen  0.10/turn              (no ring)
MPRegen  0.11/turn              (no ring)

@: very slightly contaminated
A: no striking features
a: no special abilities


You were on level 2 of the Dungeon.
You visited 1 branch of the dungeon, and saw 2 of its levels.

You collected 60 gold pieces.

Inventory:

Hand Weapons
 a - a +0 dagger (weapon)
Armour
 b - a +0 robe (worn)
 c - a +0 hat (worn)
 h - a +0 pair of gloves (worn)
Wands
 j - a wand of flame (10)
Scrolls
 d - a scroll of identify {unknown}
 g - a scroll of vulnerability {unknown}
 i - a scroll of silence {unknown}
Potions
 e - a potion of heal wounds {unknown}
 f - a potion of curing {unknown}
 k - a potion of degeneration {unknown}


   Skills:
 + Level 1.3 Fighting
 + Level 2.5 Dodging
 - Level 2.0 Stealth
 + Level 3.3 Spellcasting
 + Level 1.8 Conjurations
 + Level 1.8 Summonings
 + Level 1.8 Translocations


You had one spell level left.
You knew the following spells:

 Your Spells              Type           Power      Damage    Failure   Level
a - Magic Dart            Conj           32%        1d4       9%          1
b - Blink                 Tloc           N/A        N/A       13%         2
c - Call Imp              Summ           8%         N/A       13%         2
e - Mephitic Cloud        Conj/Pois/Air  4%         N/A       38%         3

Your spell library contained the following spells:

 Spells                   Type           Power      Damage    Failure   Level
 Apportation              Tloc           16%        N/A       9%          1
 Summon Small Mammal      Summ           32%        N/A       9%          1
 Animate Skeleton         Necr           4%         N/A       19%         1
 Corona                   Hex            2%         N/A       19%         1
 Slow                     Hex            2%         N/A       26%         2
 Conjure Flame            Conj/Fire      5%         6-21      36%         3


Dungeon Overview and Level Annotations

Branches:
Dungeon (2/15)

Altars:

Annotations:
D:2 Natasha


Message History

Casting: Magic Dart (safe; 9% risk of failure)
Confirm with . or Enter, or press ? or * to list all spells.
Aiming: Magic Dart (safe; 9% risk of failure)
Press: ? - help, Shift-Dir - straight line, f/p - Natasha
Aim: Natasha (severely wounded, 100% to hit)
You miscast Magic Dart.
Nothing appears to happen.
Natasha claws you but does no damage.
Unknown command.
Casting: Magic Dart (safe; 9% risk of failure)
Confirm with . or Enter, or press ? or * to list all spells.
Aiming: Magic Dart (safe; 9% risk of failure)
Press: ? - help, Shift-Dir - straight line, f/p - Natasha
Aim: Natasha (severely wounded, 100% to hit)
You miscast Magic Dart.
Nothing appears to happen.
Natasha claws you.
Unknown command.
Casting: Magic Dart (safe; 9% risk of failure)
Confirm with . or Enter, or press ? or * to list all spells.
Aiming: Magic Dart (safe; 9% risk of failure)
Press: ? - help, Shift-Dir - straight line, f/p - Natasha
Aim: Natasha (severely wounded, 100% to hit)
The magic dart hits Natasha.
Natasha is almost dead.
Natasha claws you!
Unknown command.
Casting: Magic Dart (safe; 9% risk of failure)
Confirm with . or Enter, or press ? or * to list all spells.
Aiming: Magic Dart (safe; 9% risk of failure)
Press: ? - help, Shift-Dir - straight line, f/p - Natasha
Aim: Natasha (almost dead, 100% to hit)
The magic dart hits Natasha but does no damage.
Natasha is almost dead.
Natasha howls an incantation.
Natasha's front paws start to glow.
Natasha claws you!
* * * LOW HITPOINT WARNING * * *
You hit Natasha but do no damage.
Natasha is almost dead.
Natasha stares at you and mumbles some strange words.
The magic dart hits you.
You die...

.....# ##.# .....#
..## #.## .....#
#...## #..# .....#
#....####<#########
.....#
#.....##..........#
.#####
#.....##..........#
#.... #..........#
#..h###..........#
#..@##...........#
..
##..........(....#
..#
#...##..........#
...
##.<##..........#
.##
###.######.##### ..
## .# #


You could see Natasha.

Vanquished Creatures
  A gnoll (D:1)
  2 adders (D:2)
  5 endoplasms
  A giant cockroach (D:1)
  2 goblins (D:1)
  6 hobgoblins
  A kobold (D:2)
  A quokka (D:1)
  7 ball pythons
  8 bats
  3 frilled lizards
  A rat (D:1)
38 creatures vanquished.

Vanquished Creatures (collateral kills)
  Jessica (D:2)
1 creature vanquished.

Grand Total: 39 creatures vanquished

Notes
Turn   | Place    | Note
-------+----------+-------------------------------------------
     0 | D:1      | Labrat the Human Hedge Wizard began the quest for the Orb.
     0 | D:1      | Reached XP level 1. HP: 13/13 MP: 4/4
    36 | D:1      | Found a faded altar of an unknown god.
   509 | D:1      | Reached XP level 2. HP: 12/19 MP: 0/6
  1149 | D:1      | Reached XP level 3. HP: 21/25 MP: 2/7
  1261 | D:1      | Learned a level 2 spell: Blink
  1264 | D:1      | Learned a level 2 spell: Call Imp
  1619 | D:1      | Reached skill level 1 in Fighting
  1846 | D:2      | Learned a level 3 spell: Mephitic Cloud
  1943 | D:2      | Reached XP level 4. HP: 32/32 MP: 1/8
  2012 | D:2      | Noticed Jessica
  2083 | D:2      | Killed Jessica
  2456 | D:2      | Noticed Natasha
  2469 | D:2      | Killed from afar by Natasha

Illustrated notes

Levels and vault maps discovered:
D:1:      saegor_arrival_miasma, layout_rooms, chequers_ecumenical_altar_twisty,
          minmay_tromino_v4_b
D:2:      minmay_general_purpose_star, layout_rooms, uniq_natasha, uniq_jessica

Skill      XL: |  1  2  3 |
---------------+----------+-----
Fighting       | 1 |  1.3
Dodging        | |  2.5
Stealth        | |  2.0
Spellcasting   | |  3.3
Conjurations   | |  1.8
Summonings     | |  1.8
Translocations | |  1.8

Action                   |  1- 3 |  4- 6 || total
-------------------------+-------+-------++-------
Melee: Dagger            |    47 |     5 ||    52
 Cast: Magic Dart        |    91 |    19 ||   110
       Call Imp          |       |     1 ||     1
 Stab: Sleeping          |     2 |     1 ||     3
Armor: Robe              |     8 |     3 ||    11
Dodge: Dodged            |    38 |     5 ||    43
